 Dungeon Crawl Stone Soup version 0.20.0-14-g326068f (webtiles) character file.

397 Deathclocker the Chiller (level 6, -3/32 HPs)
             Began as a Deep Elf Ice Elementalist on June 9, 2017.
             Slain by a bullfrog skeleton (4 damage)
             ... on level 4 of the Dungeon.
             The game lasted 00:11:12 (4473 turns).

Deathclocker the Chiller (DEIE)                     Turns: 4473, Time: 00:11:13

Health: -3/32      AC:  4    Str:  5    XL:     6   Next: 53%
Magic:  15/15      EV: 14    Int: 22    God:
Gold:   114        SH:  0    Dex: 13    Spells: 8/15 levels left

rFire    . . .     SeeInvis .   k - +0 whip (venom)
rCold    . . .     Gourm    .   (no shield)
rNeg     . . .     Faith    .   i - +0 robe (curse)
rPois    .         Spirit   .   (no helmet)
rElec    .         Reflect  .   (no cloak)
rCorr    .         Harm     .   t - +1 pair of gloves
MR       .....                  (no boots)
Stlth    ++........             (no amulet)
Regen    0.1/turn               (no ring)
MPRegen  0.2/turn               (no ring)

@: no status effects
A: clumsy 1, wild magic 1
a: no special abilities


You were on level 4 of the Dungeon.
You were not hungry.

You visited 1 branch of the dungeon, and saw 4 of its levels.

You collected 114 gold pieces.

Inventory:

Hand Weapons
 e - a +0 dagger
 k - a +0 whip of venom (weapon)
Armour
 a - a +0 robe
 i - a cursed +0 robe (worn)
 t - a +1 pair of gloves (worn)
 D - a +1 robe of the Archmagi
Wands
 v - a wand of iceblast (9/15)
Scrolls
 h - 5 scrolls of enchant armour
 m - 2 scrolls of identify
 r - 2 scrolls of fog
Potions
 u - a potion of flight {unknown}
 z - 2 potions of curing {unknown}
 A - a potion of agility {unknown}
 C - 2 potions of lignification {unknown}
Books
 b - a book of Frost

   Spells                             Type                      Level
   a - Freeze                         Ice                          1
   b - Throw Frost                    Conjuration/Ice              2
   c - Ozocubu's Armour               Charms/Ice                   3
   d - Throw Icicle                   Conjuration/Ice              4
   e - Summon Ice Beast               Ice/Summoning                4
Comestibles
 c - 3 bread rations
 f - 2 royal jellies
 q - 9 fruits
 x - a meat ration


   Skills:
 + Level 4.6 Dodging
 - Level 2.4 Stealth
 + Level 5.0 Spellcasting
 - Level 1.1 Conjurations
 * Level 6.4 Ice Magic


You had 8 spell levels left.
You knew the following spells:

 Your Spells              Type           Power        Failure   Level  Hunger
a - Freeze                Ice            ####         1%          1    None
b - Throw Frost           Conj/Ice       ####..       5%          2    None
c - Throw Icicle          Conj/Ice       ####....     30%         4    ####...


Dungeon Overview and Level Annotations

Branches:
Dungeon (4/15)
 Temple: D:4-7

Altars:
Cheibriados
Fedhas
Hepliaklqana
Nemelex Xobeh
Qazlal
Sif Muna
Trog
The Shining One

Shops:
D:4 }[


Innate Abilities, Weirdness & Mutations

You are clumsy. (Dex -2)
Your spells are a little harder to cast, but a little more powerful.


Message History

Aim: a bullfrog skeleton (moderately damaged)
You freeze the bullfrog skeleton.
The bullfrog skeleton resists.
The bullfrog skeleton is moderately damaged.
The bullfrog skeleton hits you.
* * * LOW HITPOINT WARNING * * *
Casting: Freeze
Confirm with . or Enter, or press ? or * to list all spells.
You don't have enough magic to cast that spell.
You barely miss the bullfrog skeleton.
The bullfrog skeleton is moderately damaged.
The bullfrog skeleton hits you.
* * * LOW HITPOINT WARNING * * *
You hit the bullfrog skeleton.
The bullfrog skeleton is moderately damaged.
The bullfrog skeleton barely misses you.
The bullfrog skeleton hits you.
* * * LOW HITPOINT WARNING * * *
It was a potion of magic.
Magic courses through your body. The bullfrog skeleton hits you.
You die...

#### #...## #.....#
###.......
#.@Z.†_...
#.#.......#########
#.##.....##...##>..
#.# #.).##..#..#.##
#.# #####..###.....
#.###.......#..#.#.
#.....#.#.#...##...
#####...#.#########
#..##.# #


You could see a bullfrog skeleton.

Vanquished Creatures
  A phantom (D:4)
  A scorpion (D:4)
  A bullfrog zombie (D:4)
  An orc wizard (D:4)
  A worker ant (D:3)
  3 gnolls (D:4)
  4 adders
  A river rat (D:4)
  2 worms (D:2)
  2 leopard geckos
  5 orcs (D:4)
  2 ball pythons
  6 bats
  5 giant cockroaches
  15 goblins
  11 hobgoblins
  6 jackals
  A quokka (D:2)
  3 frilled lizards
  7 kobolds
  4 rats
82 creatures vanquished.

Notes
Turn   | Place    | Note
-------+----------+-------------------------------------------
     0 | D:1      | Deathclocker the Deep Elf Ice Elementalist began the quest for the Orb.
     0 | D:1      | Reached XP level 1. HP: 10/10 MP: 6/6
   325 | D:1      | Reached XP level 2. HP: 15/15 MP: 5/8
   350 | D:1      | Learned a level 2 spell: Throw Frost
  1117 | D:2      | Reached XP level 3. HP: 19/19 MP: 5/10
  1119 | D:2      | Reached skill level 4 in Ice Magic
  1704 | D:2      | Found a faded altar of an unknown god.
  1938 | D:2      | Reached XP level 4. HP: 24/24 MP: 7/11
  2123 | D:3      | Found a bloodstained altar of Trog.
  2265 | D:3      | Learned a level 4 spell: Throw Icicle
  2444 | D:3      | Found a sparkling altar of Nemelex Xobeh.
  2555 | D:3      | Found a glowing golden altar of the Shining One.
  2725 | D:3      | Found a blossoming altar of Fedhas.
  2730 | D:3      | Found a stormy altar of Qazlal.
  2733 | D:3      | Reached skill level 5 in Ice Magic
  2893 | D:3      | Found a snail-covered altar of Cheibriados.
  3058 | D:4      | Found Gowimi's Antique Armour Shop.
  3072 | D:4      | Reached XP level 5. HP: 28/28 MP: 7/13
  3137 | D:4      | Found a hazy altar of Hepliaklqana.
  3154 | D:4      | Noticed a phantom
  3282 | D:4      | Gained mutation: You expend magic power (3 MP) to strengthen your wands. [potion of mutation]
  3282 | D:4      | Gained mutation: You are partially covered in slimy green scales. (AC +2) [potion of mutation]
  3283 | D:4      | Lost mutation: You expend magic power (3 MP) to strengthen your wands. [potion of mutation]
  3283 | D:4      | Lost mutation: You are partially covered in slimy green scales. (AC +2) [potion of mutation]
  3283 | D:4      | Gained mutation: You are clumsy. (Dex -2) [potion of mutation]
  3283 | D:4      | Gained mutation: Your spells are a little harder to cast, but a little more powerful. [potion of mutation]
  3574 | D:4      | Killed a phantom
  3574 | D:4      | Reached XP level 6. HP: 19/32 MP: 6/15
  3683 | D:4      | Reached skill level 6 in Ice Magic
  4205 | D:4      | Found Xiucaf's Gadget Shoppe.
  4457 | D:4      | Found a deep blue altar of Sif Muna.
  4460 | D:4      | Reached skill level 5 in Spellcasting
  4472 | D:4      | HP: 1/32 [bullfrog skeleton (6)]
  4473 | D:4      | Slain by a bullfrog skeleton

Skill      XL: |  1  2  3  4  5  6 |
---------------+-------------------+-----
Ice Magic      | 4 5 6 |  6.4
Dodging        | 3 4 |  4.6
Spellcasting   | 4 5 |  5.0
Stealth        | |  2.4
Conjurations   | |  1.1

Action                   |  1- 3 |  4- 6 || total
-------------------------+-------+-------++-------
Melee: Unarmed           |     1 |       ||     1
       Whip              |     7 |    45 ||    52
 Cast: Freeze            |    62 |    46 ||   108
       Throw Frost       |    16 |    53 ||    69
       Throw Icicle      |       |     2 ||     2
  Use: Scroll            |       |     8 ||     8
       Potion            |       |     7 ||     7
 Stab: Sleeping          |     2 |       ||     2
  Eat: Chunk             |     3 |     5 ||     8
       Bread ration      |       |     1 ||     1
Armor: Robe              |     4 |     7 ||    11
Dodge: Dodged            |    34 |    53 ||    87
